 Dungeon Crawl Stone Soup version 0.21.1 (webtiles) character file.

91 lrcuk01 the Chopper (level 4, -9/41 HPs)
             Began as a Minotaur Berserker on Feb 2, 2018.
             Was a Believer of Trog.
             Killed by divine providence
             ... invoked by an orc priest
              (13 damage)
             ... on level 3 of the Dungeon.
             The game lasted 00:26:32 (3174 turns).

lrcuk01 the Chopper (Minotaur Berserker)            Turns: 3174, Time: 00:26:33

Health: -9/41      AC:  3    Str: 22    XL:     4   Next: 33%
Magic:  3/3        EV: 12    Int:  4    God:    Trog [**....]
Gold:   141        SH:  0    Dex: 10    Spells: 3/3 levels left

rFire    . . .     SeeInvis .   a - +0 hand axe
rCold    . . .     Gourm    .   (no shield)
rNeg     . . .     Faith    .   e - +0 leather armour
rPois    .         Spirit   .   (helmet restricted)
rElec    .         Reflect  .   (no cloak)
rCorr    .         Harm     .   (no gloves)
MR       .....                  (no boots)
Stlth    +.........             (no amulet)
HPRegen  0.13/turn              (no ring)
MPRegen  0.08/turn              (no ring)

@: no status effects
A: retaliatory headbutt, horns 2
a: Berserk, Trog's Hand, Burn Spellbooks, Renounce Religion


You were on level 3 of the Dungeon.
You worshipped Trog.
Trog was pleased with you.
You were very hungry.

You visited 1 branch of the dungeon, and saw 3 of its levels.

You collected 141 gold pieces.

Inventory:

Hand Weapons
 a - a +0 hand axe (weapon)
 f - a +0 trident
 h - a +0 club
 j - a +0 hand axe
 k - a +0 dagger
 v - a +0 hunting sling
 x - a +0 whip
 y - a +0 mace
Missiles
 i - 50 stones (quivered)
 l - 34 arrows
 m - 28 sling bullets
 q - 8 poisoned needles
Armour
 b - a +1 animal skin
 e - a +0 leather armour (worn)
 p - a +0 robe
 s - a +2 robe of positive energy
Jewellery
 n - an uncursed ring of protection from cold {unknown}
 w - a +5 amulet of reflection {unknown}
Wands
 z - a wand of disintegration (15)
Scrolls
 d - a scroll of fear
 g - a scroll of blinking {unknown}
 o - 4 scrolls of identify {unknown}
 u - 3 scrolls of noise {unknown}
Potions
 r - a potion of magic {unknown}
 t - a potion of curing {unknown}
Comestibles
 c - 7 rations


   Skills:
 + Level 4.4 Fighting
 + Level 5.0 Axes
 + Level 2.7 Armour
 + Level 3.0 Dodging
 + Level 0.1 Stealth


You had 3 spell levels left.
You didn't know any spells.

Dungeon Overview and Level Annotations

Branches:
Dungeon (3/15)

Altars:
Ashenzari


Innate Abilities, Weirdness & Mutations

You reflexively headbutt those who attack you in melee.
You have a pair of horns on your head.


Message History

The orc priest miscasts a cantrip.
You slash the orc priest!
The orc priest is heavily wounded.
The orc priest barely misses you.
You closely miss the orc priest. Your headbutt misses the orc priest.
The orc priest is heavily wounded.
The orc priest hits you with a flail!
You closely miss the orc priest.
The orc priest is heavily wounded.
The orc priest hits you with a flail!
* * * LOW HITPOINT WARNING * * *
You barely miss the orc priest.
The orc priest is heavily wounded.
You hit the orc priest.
The orc priest is severely wounded.
The orc priest hits you but does no damage.
Items here: ! )) [ ††† The orc priest mumbles some strange prayers to Beogh against you.
Beogh smites you!
You die...

#. #. #.#####
#.#...# #.#...##
#....†.#######
#..
##...#.)o.@..##
##..
##..########..##
... ###...#
##..# ..#
#..†#..# ##.##
#.# #)####.#
#..## #.# ###.#
..# ##..### ##.#
. #...### #.#
##...#####...
#.#.#...## .#
###...#....#
b........# ..
###...##<.


You could see an orc priest.

Vanquished Creatures
  Jessica (D:2)
  2 adders
  2 dart slugs (D:1)
  2 leopard geckos
  2 orcs (D:3)
  2 giant cockroaches
  4 goblins
  5 hobgoblins
  3 kobolds
  8 bats
  5 frilled lizards
  4 rats
40 creatures vanquished.

Notes
Turn   | Place    | Note
-------+----------+-------------------------------------------
     0 | D:1      | lrcuk01 the Minotaur Berserker began the quest for the Orb.
     0 | D:1      | Reached XP level 1. HP: 19/19 MP: 0/0
   186 | D:1      | Reached skill level 4 in Axes
   186 | D:1      | Reached XP level 2. HP: 27/27 MP: 1/1
  1632 | D:2      | Noticed Jessica
  1645 | D:2      | Killed Jessica
  1645 | D:2      | Reached XP level 3. HP: 31/33 MP: 2/2
  1903 | D:2      | Found a shattered altar of Ashenzari.
  2718 | D:2      | Reached ** piety under Trog
  2879 | D:2      | Reached XP level 4. HP: 41/41 MP: 3/3
  3158 | D:3      | Reached skill level 5 in Axes
  3174 | D:3      | Killed from afar by an orc priest

Skill      XL: |  1  2  3  4 |
---------------+-------------+-----
Axes           | 4 5 |  5.0
Fighting       | 4 |  4.4
Dodging        | 3 |  3.0
Armour         | |  2.7
Stealth        | |  0.1

Action                   |  1- 3 |  4- 6 || total
-------------------------+-------+-------++-------
Melee: Hand axe          |    66 |    25 ||    91
       Headbutt          |     6 |     5 ||    11
  Use: Potion            |     2 |       ||     2
       Scroll            |     3 |       ||     3
  Eat: Chunk             |     1 |     1 ||     2
       Ration            |     1 |       ||     1
Armor: Animal skin       |     9 |       ||     9
       Leather armour    |     7 |     6 ||    13
Dodge: Dodged            |    52 |    18 ||    70
